[Event "42nd Olympiad Baku 2016 Women"]
[Site "Baku"]
[Date "2016.09.04"]
[Round "3.23"]
[White "Yearwood, Shannon"]
[Black "Terubea, Cydel"]
[Result "1-0"]
[ECO "C53"]
[WhiteElo "1662"]
[BlackElo "1363"]
[Annotator ""]
[PlyCount "145"]
[EventDate "2016.??.??"]
[EventCountry "AZE"]
[SourceTitle "playchess.com"]
[Source "ChessBase"]
[WhiteTeam "TTO"]
[BlackTeam "Fiji"]
[BlackTeamCountry "FIJ"]
[TimeControl "40/5400+30:1800+30"]

1. e4 {(00:00)} e5 {(00:00)} 2. Nf3 {(00:00)} Nc6 {
(00:00)} 3. Bc4 {(00:00)} Bc5 {(00:26)} 4. c3 {(00:
00)} d6 {(00:49)} 5. O-O {(07:52)} Bd7 {(04:37)} 6. d4 Bb6
{(00:33)} 7. Ng5 {(05:34)} Nh6 {(00:36)} 8. Qh5 Qe7 {
(02:51)} 9. h3 {(16:14)} a6 {(15:23)} 10. Nf3 {(09:
24)} Ng8 {(10:39)} 11. Bg5 {(03:02)} Nf6 {(02:36)} 12.
Bxf6 {(00:34)} gxf6 {(00:29)} 13. dxe5 {(07:06)} Nxe5 {
(02:44)} 14. Nxe5 {(00:07)} dxe5 {(00:17)} 15. Na3 {
(05:44)} Rf8 {(02:20)} 16. Bb3 {(04:14)} O-O-O {(
00:54)} 17. Nc4 {(00:35)} Ba7 {(01:04)} 18. Ne3 {(00:52)}
c6 {(03:50)} 19. Nf5 {(01:17)} Bxf5 {(05:31)} 20. Qxf5+ {
(00:11)} Kb8 {(00:23)} 21. Rfd1 {(01:43)} Bb6 {(07:
04)} 22. Qxh7 {(05:10)} Rh8 {(02:34)} 23. Qxf7 {(01:26)}
Qc5 {(00:27)} 24. Qxf6 {(01:06)} Rhf8 {(02:34)} 25. Rxd8+
{(00:22)} Bxd8 {(00:12)} 26. Qg7 {(06:01)} Qxf2+ {(
01:42)} 27. Kh1 {(00:26)} Qc5 {(03:17)} 28. Rd1 {(03:28)}
Qf2 {(06:13)} 29. Qxe5+ {(05:43)} Bc7 {(00:12)} 30. Qd4 {
(00:50)} Qg3 {(00:57)} 31. Qg1 {(03:34)} Rf2 {(06:
36)} 32. Rd3 {(05:04)} Qxd3 {(05:40)} 33. Qxf2 {(00:06)}
Qxe4 {(00:30)} 34. Bc2 {(01:29)} Qe5 {(00:56)} 35. Kg1 {
(02:54)} Qh2+ {(00:26)} 36. Kf1 {(00:03)} Qe5 {(00:
37)} 37. Qd4 {(01:14)} Qh2 {(00:41)} 38. Qh8+ {(00:37)}
Ka7 {(00:12)} 39. Qd4+ {(00:03)} Kb8 {(00:04)} 40. Be4 {
(00:00)} Qf4+ {(00:00)} 41. Ke2 {(02:57)} Qc1 {(02:
22)} 42. Qb4 {(00:38)} Bf4 {(00:37)} 43. Qb6 {(03:46)} Bc7
{(00:45)} 44. Qb4 {(00:50)} Bf4 {(00:08)} 45. Qf8+ {
(02:27)} Ka7 {(00:12)} 46. Qc5+ {(00:12)} Kb8 {(00:
34)} 47. Kf3 {(03:02)} Bc7 {(00:28)} 48. Qf8+ {(07:15)}
Ka7 {(00:11)} 49. Qb4 {(03:32)} Qf4+ {(00:19)} 50. Ke2 {
(00:19)} Bb6 {(01:03)} 51. g4 {(01:05)} Qe3+ {(00:
14)} 52. Kd1 {(00:12)} Qxh3 {(02:01)} 53. Bf5 {(02:59)}
Qh2 {(00:39)} 54. Bc8 {(02:12)} a5 {(02:14)} 55. Qe7 {
(00:36)} Bc7 {(02:58)} 56. g5 {(00:47)} Qh1+ {(00:
22)} 57. Kc2 {(01:00)} Qg2+ {(00:11)} 58. Kd1 {(00:58)}
Qh1+ {(00:09)} 59. Qe1 {(00:15)} Qh5+ {(00:11)} 60. Qe2 {
(01:33)} Qh1+ {(00:24)} 61. Kc2 {(00:43)} Qh7+ {(
00:17)} 62. Qd3 {(00:17)} Qh2+ {(03:43)} 63. Kb3 {(00:15)}
b5 {(01:42)} 64. g6 {(02:05)} a4+ {(00:24)} 65. Ka3 {
(00:08)} Bd6+ {(10:20)} 66. b4 {(00:07)} Qf4 {(00:
32)} 67. Qd4+ {(00:30)} Qxd4 {(00:23)} 68. cxd4 {(00:01)}
Bf8 {(00:22)} 69. Kb2 {(00:42)} Kb8 {(00:58)} 70. Bd7 {
(02:09)} Kc7 {(00:11)} 71. Be8 {(00:06)} Bg7 {(00:
17)} 72. Kc3 {(00:13)} Kd8 {(01:00)} 73. Bxc6 {(00:21)}
1-0

[Event "42nd Olympiad Baku 2016 Women"]
[Site "Baku"]
[Date "2016.09.04"]
[Round "3.10"]
[White "Yuan, Yuanling"]
[Black "Morales Santos, Natasha"]
[Result "1-0"]
[ECO "C11"]
[WhiteElo "2205"]
[BlackElo "1908"]
[Annotator ""]
[PlyCount "113"]
[EventDate "2016.??.??"]
[EventCountry "AZE"]
[SourceTitle "playchess.com"]
[Source "ChessBase"]
[WhiteTeam "Canada"]
[BlackTeam "Puerto Rico"]
[WhiteTeamCountry "CAN"]
[BlackTeamCountry "PUR"]
[TimeControl "40/5400+30:1800+30"]

1. e4 {(00:00)} e6 {(00:26)} 2. d4 {(00:05)} d5 {(
00:10)} 3. Nc3 {(00:14)} Nf6 {(00:10)} 4. e5 {(00:27)}
Nfd7 {(00:11)} 5. f4 {(00:15)} c5 {(00:11)} 6. Nf3 {
(00:13)} Nc6 {(00:12)} 7. Be3 {(00:14)} Be7 {(00:
10)} 8. Qd2 {(00:22)} O-O {(00:11)} 9. Be2 {(01:16)} b6 {
(00:12)} 10. O-O {(08:27)} f5 {(00:47)} 11. exf6 {(
00:34)} Nxf6 {(00:17)} 12. Kh1 {(00:31)} Bb7 {(00:34)} 13.
Bd3 {(11:57)} Nb4 {(08:04)} 14. Rae1 {(05:01)} Nxd3 {
(03:11)} 15. cxd3 {(02:04)} Bd6 {(03:13)} 16. Nb5 {
(04:34)} Bb8 {(11:20)} 17. dxc5 {(02:48)} Qd7 {(09:
59)} 18. Nc3 {(05:23)} Nh5 {(03:44)} 19. cxb6 {(11:58)}
axb6 {(06:02)} 20. Nd4 {(11:31)} Bd6 {(05:39)} 21. Ndb5 {
(04:27)} Bc5 {(04:55)} 22. d4 {(09:46)} Bb4 {(02:
02)} 23. a3 {(04:01)} Ba6 {(08:04)} 24. axb4 {(02:26)}
Bxb5 {(00:16)} 25. Rf3 {(02:04)} Nf6 {(04:57)} 26. Bg1 {
(01:04)} Bc6 {(04:05)} 27. b5 {(04:18)} Bxb5 {(02:
36)} 28. Nxb5 {(00:12)} Qxb5 {(00:08)} 29. Rxe6 {(00:49)}
Ne4 {(00:52)} 30. Qc2 {(00:49)} Rfc8 {(04:01)} 31. Qb1 {
(02:25)} Nd2 {(01:29)} 32. Qd3 {(00:14)} Qxd3 {(03:
25)} 33. Rxd3 {(00:03)} Ne4 {(00:44)} 34. Rd1 {(00:32)} b5
{(02:05)} 35. Rb6 {(01:07)} Ra5 {(04:19)} 36. b4 {(
03:11)} Ra2 {(00:12)} 37. Rxb5 Nc3 {(01:07)} 38. Rc1 {(01:
22)} Nxb5 {(01:13)} 39. Rxc8+ {(00:02)} Kf7 {(00:05)} 40.
Rc5 {(00:00)} Nd6 {(00:00)} 41. Rxd5 {(03:03)} Ke6 {
(01:23)} 42. Re5+ {(02:07)} Kf6 {(00:05)} 43. d5 {(
03:52)} Nc4 {(01:44)} 44. Re4 {(00:54)} Na3 {(00:33)} 45.
g4 {(02:09)} Nb5 {(00:56)} 46. Re6+ {(02:40)} Kf7 {
(00:04)} 47. Rb6 {(00:25)} Nc3 {(01:16)} 48. Rb7+ {
(00:23)} Ke8 {(02:00)} 49. d6 {(00:54)} Rd2 {(00:
55)} 50. Re7+ {(00:39)} Kf8 {(01:36)} 51. Bc5 {(01:04)}
Na4 {(00:31)} 52. Ra7 {(01:23)} Nxc5 {(00:24)} 53. bxc5 {
(00:02)} Ke8 {(01:24)} 54. Rxg7 {(00:30)} Rc2 {(00:
24)} 55. Rc7 {(00:21)} Rc4 {(00:11)} 56. c6 {(00:08)} Rxf4
{(00:08)} 57. Rc8+ {(00:15)} 1-0

[Event "42nd Olympiad Baku 2016 Women"]
[Site "Baku"]
[Date "2016.09.04"]
[Round "3.10"]
[White "Zaksaite, Salomeja"]
[Black "Marrero Lopez, Yaniet"]
[Result "1-0"]
[ECO "C68"]
[WhiteElo "2298"]
[BlackElo "2281"]
[Annotator ""]
[PlyCount "93"]
[EventDate "2016.??.??"]
[EventCountry "AZE"]
[SourceTitle "playchess.com"]
[Source "ChessBase"]
[WhiteTeam "Lithuania"]
[BlackTeam "Cuba"]
[WhiteTeamCountry "LTU"]
[BlackTeamCountry "CUB"]
[TimeControl "40/5400+30:1800+30"]

1. e4 {(00:00)} e5 {(00:00)} 2. Nf3 {(00:00)} Nc6 {
(00:00)} 3. Bb5 {(00:00)} a6 {(00:04)} 4. Bxc6 {(
00:04)} dxc6 {(00:15)} 5. d3 {(00:14)} Bd6 {(01:30)} 6.
Be3 {(00:53)} c5 {(02:07)} 7. Nbd2 {(01:32)} Ne7 {(
00:59)} 8. c3 {(11:49)} O-O {(05:22)} 9. O-O {(03:00)} Nc6
{(06:25)} 10. h3 {(08:29)} Qf6 {(10:59)} 11. a3 {(
07:03)} a5 {(05:57)} 12. a4 {(01:11)} h6 {(07:33)} 13. Nc4
{(02:58)} Be6 {(05:58)} 14. Nxd6 {(32:06)} cxd6 {(
00:03)} 15. d4 {(00:23)} cxd4 {(01:01)} 16. cxd4 {(00:08)}
Bc4 {(00:21)} 17. Re1 {(00:45)} Nb4 {(00:40)} 18. Rc1 {
(03:54)} Rac8 {(03:44)} 19. Rc3 {(07:21)} Qe6 {(25:
05)} 20. d5 {(01:58)} Qg6 {(00:33)} 21. Bb6 {(02:06)} Ba6
{(02:15)} 22. Nh4 {(06:44)} Qf6 {(00:19)} 23. Nf5 {
(01:20)} Rxc3 {(02:37)} 24. bxc3 {(00:02)} Nd3 {(
04:32)} 25. Re3 {(00:04)} Nf4 {(00:55)} 26. Bxa5 {(03:46)}
Kh7 {(05:38)} 27. Bb4 {(01:26)} Rd8 {(00:35)} 28. Ng3 {
(02:39)} Qg5 {(01:07)} 29. Qg4 {(00:34)} Qxg4 {(02:
02)} 30. hxg4 {(00:03)} g6 {(00:37)} 31. f3 {(00:27)} Kg7
{(00:45)} 32. Nf1 {(00:38)} Kf6 {(01:01)} 33. Nd2 {
(00:11)} Nd3 {(00:15)} 34. Ba3 {(01:27)} Ke7 {(03:
13)} 35. c4 {(00:12)} Nf4 {(00:20)} 36. g3 {(00:28)} Nh3+
{(00:32)} 37. Kg2 {(00:36)} Ng5 {(00:02)} 38. f4 {(
00:11)} exf4 {(01:02)} 39. gxf4 {(00:04)} Nh7 {(00:06)}
40. e5 {(00:00)} Kd7 {(00:00)} 41. Bxd6 {(07:36)} Nf6 {
(08:30)} 42. exf6 {(06:05)} Kxd6 {(00:01)} 43. Re7 {
(00:18)} Kc5 {(00:55)} 44. Rxf7 {(01:26)} Kd4 {(00:
11)} 45. Re7 {(01:20)} Kd3 {(02:02)} 46. f7 {(00:49)} Rf8
{(02:19)} 47. d6 {(00:59)} 1-0

[Event "42nd Olympiad Baku 2016 Open"]
[Site "Baku"]
[Date "2016.09.04"]
[Round "3.4"]
[White "Abdulwahhab, Ahmed Abdulsattar A"]
[Black "Sands, David A"]
[Result "1-0"]
[ECO "B48"]
[WhiteElo "2236"]
[BlackElo "2122"]
[Annotator ""]
[PlyCount "95"]
[EventDate "2016.??.??"]
[EventCountry "AZE"]
[SourceTitle "playchess.com"]
[Source "ChessBase"]
[WhiteTeam "Iraq"]
[BlackTeam "Wales"]
[WhiteTeamCountry "IRQ"]
[BlackTeamCountry "WLS"]
[TimeControl "40/5400+30:1800+30"]

1. e4 {(00:00)} c5 {(00:00)} 2. Nf3 {(00:00)} e6 {(
00:00)} 3. d4 {(00:40)} cxd4 {(00:00)} 4. Nxd4 {(00:08)}
Nc6 {(00:23)} 5. Nc3 {(01:27)} Qc7 {(00:52)} 6. Be3 {
(01:35)} a6 {(00:53)} 7. Bd3 {(02:53)} Nf6 {(00:27]
} 8. O-O {(00:17)} Ne5 {(00:54)} 9. h3 {(00:46)} Bc5 {
(00:42)} 10. Kh1 {(01:26)} d6 {(03:55)} 11. f4 {(
00:29)} Nc6 {(31:31)} 12. e5 {(23:42)} Nxe5 {(17:41)} 13.
fxe5 {(01:02)} dxe5 {(00:10)} 14. Bb5+ {(11:01)} Kf8 {
(04:12)} 15. Nf5 {(06:26)} Bxe3 {(04:59)} 16. Nxe3 {
(03:33)} axb5 {(01:22)} 17. Nxb5 {(00:18)} Qb6 {(
02:05)} 18. a4 {(03:35)} Bd7 {(02:12)} 19. Nc4 {(03:30)}
Qc5 {(00:44)} 20. Qd6+ {(06:22)} Qxd6 {(00:13)} 21. Nbxd6
{(00:15)} Ke7 {(07:24)} 22. Nxb7 {(06:49)} Rxa4 {(
02:21)} 23. Nxe5 {(01:26)} Rxa1 {(00:37)} 24. Rxa1 {(00:
09)} Rc8 {(01:18)} 25. c4 {(02:56)} Rc7 {(02:04)} 26. Na5
{(00:10)} Be8 {(06:22)} 27. b4 {(00:22)} Ne4 {(01:
10)} 28. b5 {(00:26)} f6 {(02:08)} 29. b6 {(00:18)} fxe5 {
(01:10)} 30. bxc7 {(00:08)} Kd7 {(00:07)} 31. Re1 {
(01:19)} Nf2+ {(01:01)} 32. Kg1 {(00:11)} Nd3 {(00:
06)} 33. Rb1 {(02:19)} Kxc7 {(01:08)} 34. Rb7+ {(00:09)}
Kd6 {(00:10)} 35. Rxg7 {(00:13)} e4 {(02:02)} 36. Kf1 {
(02:33)} Ke5 {(03:19)} 37. Rxh7 {(01:56)} Ba4 {(00:
35)} 38. Ke2 {(01:46)} Kd4 {(01:08)} 39. Rh4 {(02:52)} Nc5
{(01:27)} 40. Rg4 {(00:00)} Kc3 {(00:00)} 41. Ke3 {
(03:47)} Kb4 {(04:53)} 42. Rg5 {(04:17)} Bc2 {(07:
37)} 43. h4 {(00:42)} Nd3 {(00:56)} 44. h5 {(01:20)} e5 {
(00:06)} 45. h6 {(00:27)} Kxa5 {(00:07)} 46. h7 {(
00:10)} Kb4 {(00:29)} 47. h8=Q {(00:15)} Kxc4 {(00:07)}
48. Rxe5 {(00:27] Kd4+} 1-0

[Event "42nd Olympiad Baku 2016 Open"]
[Site "Baku"]
[Date "2016.09.04"]
[Round "3.25"]
[White "Adams, Michael"]
[Black "Bareev, Evgeny"]
[Result "1-0"]
[ECO "C07"]
[WhiteElo "2738"]
[BlackElo "2675"]
[Annotator ""]
[PlyCount "63"]
[EventDate "2016.??.??"]
[EventCountry "AZE"]
[SourceTitle "playchess.com"]
[Source "ChessBase"]
[WhiteTeam "England"]
[BlackTeam "Canada"]
[WhiteTeamCountry "ENG"]
[BlackTeamCountry "CAN"]
[TimeControl "40/5400+30:1800+30"]

1. e4 {(00:00)} e6 {(00:00)} 2. d4 {(00:00)} d5 {(
00:00)} 3. Nd2 {(00:00)} c5 {(00:00)} 4. Ngf3 {(00:00)}
Nf6 {(00:00)} 5. e5 {(00:58)} Nfd7 {(00:00)} 6. c3 {
(00:05)} Nc6 {(01:54)} 7. Bd3 {(00:08)} f6 {(00:15]
} 8. exf6 {(01:49)} Nxf6 {(00:10)} 9. O-O {(00:35)} Bd6 {
(00:10)} 10. dxc5 {(06:26)} Bxc5 {(00:05)} 11. b4 {
(02:22)} Bd6 {(01:03)} 12. b5 {(01:46)} Ne7 {(23:
01)} 13. c4 {(00:33)} e5 {(01:42)} 14. cxd5 {(02:59)}
Nexd5 {(01:35)} 15. Ne4 {(09:25)} Nxe4 {(21:55)} 16. Bxe4
{(00:08)} Nf6 {(00:08)} 17. Bg5 {(02:39)} O-O {(00:
38)} 18. Rc1 {(13:46)} Qe7 {(07:21)} 19. Bxf6 {(12:49)}
gxf6 {(27:31)} 20. Nh4 {(00:29)} Bb4 {(05:20)} 21. Rc4 {
(15:23)} Ba5 {(01:21)} 22. Nf5 {(05:23)} Bxf5 {(00:
21)} 23. Bxf5 {(00:03)} Rad8 {(01:35)} 24. Qh5 {(02:26)}
Kh8 {(00:28)} 25. Qh3 {(06:22)} Rd4 {(01:18)} 26. Rfc1 {
(03:10)} Rfd8 {(00:17)} 27. g3 {(01:40)} Qf7 {(00:
26)} 28. Rxd4 {(04:01)} exd4 {(00:14)} 29. Rd1 {(02:07)}
b6 {(04:12)} 30. Rd3 {(02:06)} Bb4 {(00:14)} 31. Rf3 {
(00:17)} Rf8 {(01:36)} 32. Rf4 {(00:44)} 1-0

[Event "42nd Olympiad Baku 2016 Open"]
[Site "Baku"]
[Date "2016.09.04"]
[Round "3.10"]
[White "Adhiban, B."]
[Black "Abasov, Nijat"]
[Result "1-0"]
[ECO "A33"]
[WhiteElo "2671"]
[BlackElo "2552"]
[Annotator ""]
[PlyCount "105"]
[EventDate "2016.??.??"]
[EventCountry "AZE"]
[SourceTitle "playchess.com"]
[Source "ChessBase"]
[WhiteTeam "India"]
[BlackTeam "Azerbaijan"]
[WhiteTeamCountry "IND"]
[BlackTeamCountry "AZE"]
[TimeControl "40/5400+30:1800+30"]

1. Nf3 {(00:00)} c5 {(00:14)} 2. c4 {(00:00)} Nc6 {
(00:11)} 3. d4 {(00:00)} cxd4 {(00:12)} 4. Nxd4 {(
00:00)} Nf6 {(00:18)} 5. Nc3 {(00:00)} e6 {(00:08)} 6. Bg5
{(00:02)} Be7 {(15:57)} 7. e3 {(00:03)} O-O {(05:
50)} 8. Be2 {(00:05)} d5 {(02:39)} 9. cxd5 {(00:04)} Nxd5
{(00:13)} 10. Nxc6 {(00:05)} bxc6 {(00:04)} 11. Bxe7 {
(00:06)} Qxe7 {(00:03)} 12. Qc2 {(00:07)} Qc5 {(08:
55)} 13. O-O {(00:46)} Rb8 {(01:49)} 14. Rab1 {(09:07)} e5
{(07:01)} 15. Rfc1 {(05:33)} Nxc3 {(01:39)} 16. Qxc3 {
(09:26)} Qxc3 {(00:12)} 17. Rxc3 {(00:01)} Bf5 {(
00:10)} 18. Bd3 {(00:05)} Bxd3 {(00:14)} 19. Rxd3 {(00:05]
} Rfd8 {(00:40)} 20. Rbd1 {(16:36)} Rxd3 {(00:15)} 21.
Rxd3 {(00:01)} Kf8 {(00:11)} 22. b3 {(00:01)} Ke7 {
(00:15)} 23. Kf1 {(00:09)} Rb5 {(22:16)} 24. Ke2 {(
03:28)} f5 {(08:52)} 25. Kd2 {(02:18)} Ke6 {(02:14)} 26.
Kc2 {(01:58)} Rc5+ {(01:16)} 27. Kd2 {(19:36)} Rb5 {
(02:17)} 28. f3 {(01:41)} Rb4 {(03:57)} 29. Rd8 {(
01:29)} Rb5 {(03:29)} 30. e4 {(01:23)} fxe4 {(00:23)} 31.
fxe4 {(00:01)} Rb4 {(01:59)} 32. Kd3 {(03:26)} c5 {
(03:52)} 33. Re8+ {(03:03)} Kd6 {(00:48)} 34. Ra8 {
(00:34)} Rb7 {(00:59)} 35. g3 {(07:18)} g6 {(01:52]
} 36. Kc3 {(05:54)} Rb4 {(02:55)} 37. Rxa7 {(01:09)} Rxe4
{(00:03)} 38. Rxh7 {(00:13)} Re2 {(00:02)} 39. a4 {
(04:50)} e4 {(00:10)} 40. a5 {(00:00)} Kc6 {(00:00]
} 41. a6 {(05:42)} Ra2 {(04:47)} 42. a7 {(08:19)} e3 {
(05:56)} 43. Re7 {(00:25)} Kd5 {(00:05)} 44. h4 {(
01:16)} e2 {(00:26)} 45. Rxe2 {(02:26)} Rxa7 {(00:06)} 46.
Rd2+ {(01:21)} Kc6 {(00:07)} 47. g4 {(06:31)} Rh7 {
(06:21)} 48. Rh2 {(00:05)} Kd5 {(02:51)} 49. h5 {(
00:13)} Rh6 {(00:04)} 50. Rh3 {(02:05)} Rh7 {(02:30)} 51.
Rh1 {(02:30)} Rh6 {(00:43)} 52. Rh2 {(00:10)} Rh7 {
(01:09)} 53. hxg6 1-0

[Event "42nd Olympiad Baku 2016 Open"]
[Site "Baku"]
[Date "2016.09.04"]
[Round "3.15"]
[White "Adu, Oladapo"]
[Black "Barcenilla, Rogelio"]
[Result "0-1"]
[ECO "A05"]
[WhiteElo "2334"]
[BlackElo "2455"]
[Annotator ""]
[PlyCount "89"]
[EventDate "2016.??.??"]
[EventCountry "AZE"]
[SourceTitle "playchess.com"]
[Source "ChessBase"]
[WhiteTeam "Nigeria"]
[BlackTeam "Philippines"]
[WhiteTeamCountry "NGR"]
[BlackTeamCountry "PHI"]
[TimeControl "40/5400+30:1800+30"]

1. Nf3 {(00:00)} Nf6 {(00:00)} 2. g3 {(00:00)} g6 {
(00:00)} 3. Bg2 {(00:00)} Bg7 {(00:00)} 4. O-O {(
00:09)} O-O {(00:03)} 5. d3 {(00:10)} d5 {(01:50)} 6. Nbd2
{(00:13)} c5 {(00:15)} 7. e4 {(00:09)} Nc6 {(00:07]
} 8. Re1 {(00:12)} h6 {(01:49)} 9. c3 {(01:41)} d4 {
(04:54)} 10. cxd4 {(12:38)} cxd4 {(01:15)} 11. Nc4 {
(00:15)} Be6 {(03:59)} 12. b3 {(03:26)} Nd7 {(02:
58)} 13. Bb2 {(03:34)} b5 {(03:57)} 14. Na3 {(04:19)} Qb6
{(00:15)} 15. Rc1 {(01:06)} Nb4 {(09:29)} 16. Ra1 {
(00:21)} Nc5 {(06:00)} 17. Bf1 {(00:47)} Rfd8 {(03:
00)} 18. Qd2 {(01:45)} Nxa2 {(08:55)} 19. Rxa2 {(01:19)}
Bxb3 {(00:17)} 20. Raa1 {(00:11)} e5 {(00:25)} 21. Be2 {
(20:25)} b4 {(01:29)} 22. Nc2 {(04:12)} a5 {(00:32]
} 23. Nh4 {(06:38)} Rdc8 {(11:16)} 24. Bg4 {(01:30)} Nxe4
{(02:09)} 25. Qe2 {(04:05)} Nc3 {(04:38)} 26. Qd2 {
(01:21)} Rc7 {(13:00)} 27. Bxc3 {(03:50)} dxc3 {(
00:12)} 28. Qe3 {(00:24)} Qb8 {(03:29)} 29. Bd1 {(01:23)}
Bd5 {(03:20)} 30. Nf3 {(03:34)} b3 {(02:03)} 31. Nxe5 {
(00:37)} b2 {(00:55)} 32. Rb1 {(00:17)} Ba2 {(00:
38)} 33. Bf3 {(00:07)} Bxb1 {(00:17)} 34. Rxb1 {(00:11)}
Qb3 {(00:27)} 35. Bxa8 {(05:12)} Qxc2 {(00:15)} 36. Rf1 {
(00:33)} b1=Q {(00:23)} 37. Bd5 {(01:05)} Bxe5 {(
01:37)} 38. Qxe5 {(00:13)} Qb6 {(00:11)} 39. Qe8+ {(01:52]
} Kg7 {(00:12)} 40. Qe5+ {(00:00)} Kh7 {(00:00)} 41. Qe4 {
(11:22)} Qd2 {(00:48)} 42. Qe8 {(00:31)} Qf6 {(00:
25)} 43. h4 {(00:46)} c2 {(00:27)} 44. h5 {(00:07)} c1=Q {
(01:19)} 45. hxg6+ {(00:02)} 0-1

[Event "42nd Olympiad Baku 2016 Open"]
[Site "Baku"]
[Date "2016.09.04"]
[Round "3.24"]
[White "Aguiar, Cristiano"]
[Black "Sousa, Andre Ventura"]
[Result "0-1"]
[ECO "C50"]
[WhiteElo "2208"]
[BlackElo "2379"]
[Annotator ""]
[PlyCount "76"]
[EventDate "2016.??.??"]
[EventCountry "AZE"]
[SourceTitle "playchess.com"]
[Source "ChessBase"]
[WhiteTeam "Angola"]
[BlackTeam "Portugal"]
[WhiteTeamCountry "ANG"]
[BlackTeamCountry "POR"]
[TimeControl "40/5400+30:1800+30"]

1. e4 {(00:00)} e5 {(00:00)} 2. Nf3 {(00:00)} Nc6 {
(00:00)} 3. Bc4 {(00:00)} Bc5 {(00:00)} 4. O-O {(
00:00)} Nf6 {(00:00)} 5. d4 {(00:17)} Bxd4 {(00:54)} 6.
Nxd4 {(00:17)} Nxd4 {(00:12)} 7. f4 {(00:12)} d6 {(
01:08)} 8. fxe5 {(00:08)} dxe5 {(00:07)} 9. Bg5 {(00:58)}
Qe7 {(01:09)} 10. Na3 {(02:28)} Rg8 {(01:54)} 11. Bxf6 {
(06:46)} gxf6 {(00:07)} 12. c3 {(37:57)} Bg4 {(07:
06)} 13. Qa4+ {(06:09)} Bd7 {(00:06)} 14. Qa5 {(02:40)}
Nc6 {(08:17)} 15. Qa4 {(17:20)} Bh3 {(12:37)} 16. Rf2 {
(02:01)} Qc5 {(00:15)} 17. Kf1 {(03:22)} Bd7 {(31:
11)} 18. Rd1 {(06:14)} O-O-O {(03:38)} 19. b4 {(02:48)}
Qe3 {(02:49)} 20. b5 {(01:25)} Nb8 {(03:29)} 21. Bxf7 {
(01:19)} Bg4 {(02:16)} 22. Re1 {(01:22)} Qd3+ {(00:
18)} 23. Kg1 {(00:10)} Rg7 {(00:45)} 24. b6 {(03:55)} axb6
{(01:27)} 25. Nb5 {(00:51)} c6 {(00:04)} 26. Na7+ {
(02:07)} Kc7 {(00:06)} 27. Bc4 {(00:57)} Qxc3 {(01:
03)} 28. Ref1 {(01:34)} Rd4 {(02:48)} 29. Rc2 {(00:18)}
Qe3+ {(01:45)} 30. Kh1 {(00:03)} Qxe4 {(02:37)} 31. Nb5+ {
(00:38)} cxb5 {(00:03)} 32. Bxb5+ {(00:46)} Kd8 {(
02:32)} 33. Qa3 {(00:31)} Qxc2 {(00:58)} 34. Qf8+ Kc7 {(
00:04)} 35. Qxg7+ {(00:14)} Nd7 {(00:07)} 36. h3 {(00:31)}
Bf5 {(00:57)} 37. Kh2 {(00:50)} Be4 {(01:11)} 38. Rxf6 {
(01:13)} Bxg2 {(00:28)} 0-1

[Event "42nd Olympiad Baku 2016 Open"]
[Site "Baku"]
[Date "2016.09.04"]
[Round "3.23"]
[White "Aithmidou, Mohamed-Mehdi"]
[Black "Sadikin The, Irwanto"]
[Result "0-1"]
[ECO "C92"]
[WhiteElo "2229"]
[BlackElo "2327"]
[Annotator ""]
[PlyCount "96"]
[EventDate "2016.??.??"]
[EventCountry "AZE"]
[SourceTitle "playchess.com"]
[Source "ChessBase"]
[WhiteTeam "Morocco"]
[BlackTeam "Indonesia"]
[WhiteTeamCountry "MAR"]
[BlackTeamCountry "INA"]
[TimeControl "40/5400+30:1800+30"]

1. e4 {(00:00)} e5 {(00:00)} 2. Nf3 {(00:00)} Nc6 {
(00:00)} 3. Bb5 {(00:10)} a6 {(00:01)} 4. Ba4 {(00:
12)} Nf6 {(00:12)} 5. O-O {(00:09)} Be7 {(00:19)} 6. Re1 {
(00:09)} b5 {(00:10)} 7. Bb3 {(00:29)} d6 {(00:08)}
8. c3 {(00:09)} O-O {(00:11)} 9. h3 {(00:21)} Bb7 {
(02:09)} 10. d3 {(04:05)} Na5 {(06:18)} 11. Bc2 {(
00:08)} c5 {(00:04)} 12. Nbd2 {(00:09)} Re8 {(02:29)} 13.
Nf1 {(00:16)} h6 {(00:43)} 14. a3 {(20:22)} Bf8 {(
00:09)} 15. b4 {(00:28)} Nc6 {(01:31)} 16. g4 {(12:16)}
cxb4 {(22:21)} 17. g5 {(19:14)} hxg5 {(02:27)} 18. Bxg5 {
(00:58)} bxc3 {(05:27)} 19. Ne3 {(01:25)} Be7 {(00:
48)} 20. Nf5 {(01:32)} Nh7 {(00:17)} 21. Be3 {(04:36)} Bf6
{(02:19)} 22. Kh2 {(02:33)} Ne7 {(02:31)} 23. Ng3 {
(08:02)} d5 {(09:52)} 24. Qe2 {(01:13)} d4 {(04:13]
} 25. Bc1 {(00:11)} Bc8 {(01:35)} 26. Bb3 {(02:52)} Ng6 {
(02:20)} 27. Rg1 {(03:33)} Be6 {(01:49)} 28. Bxe6 {
(02:54)} Rxe6 {(00:06)} 29. Nf5 {(00:42)} a5 {(08:
18)} 30. Rg4 {(01:12)} b4 {(10:54)} 31. Qa2 {(00:26)} Rb8
{(10:29)} 32. axb4 {(00:49)} axb4 {(01:49)} 33. Qb3 {
(07:42)} Ne7 {(02:45)} 34. Bh6 {(03:25)} g6 {(01:
03)} 35. Ra7 {(01:53)} Kh8 {(00:31)} 36. Nxe7 {(02:00)}
Rxe7 {(00:08)} 37. Ra6 {(00:26)} Rb6 {(00:41)} 38. Ra4 {
(00:30)} Reb7 {(00:21)} 39. h4 {(00:21)} Qd7 {(00:
14)} 40. Rg1 {(00:00)} Rb8 {(00:00)} 41. Ra5 {(06:37)} Qe6
{(01:50)} 42. Rd5 {(02:18)} Rd6 {(00:42)} 43. Rg3 {
(05:40)} Rxd5 {(02:10)} 44. exd5 {(00:02)} Qd6 {(
00:12)} 45. h5 {(01:22)} g5 {(04:02)} 46. Kg1 {(01:54)}
Rc8 {(00:49)} 47. Qc2 {(03:50)} b3 {(00:28)} 48. Nxg5 {
(01:06)} Bxg5 {(00:43)} 0-1